 Dungeon Crawl Stone Soup version 0.32-a0-607-g64ea0e4219 (webtiles) character file.

Game seed: 4290930797245843791

57 Descartes the Scratcher (level 3, -2/18 HPs)
             Began as a Felid Shapeshifter on Mar 4, 2024.
             Slain by Crazy Yiuf
             ... wielding a +3 quarterstaff of chaos
              (6 damage)
             ... on level 2 of the Dungeon.
             The game lasted 00:01:41 (1701 turns).

Descartes the Scratcher (Felid Shapeshifter)        Turns: 1701, Time: 00:01:43

Health: -2/18      AC:  1    Str: 12    XL:     3   Next: 73%
Magic:  4/4        EV: 17    Int: 13    God:
Gold:   83         SH:  0    Dex: 15    Spells: 2/2 levels left
                                        Lives:  0   Deaths: 1

rFire   . .          .
                       - Unarmed
rCold   . . .        (shield unavailable)
rNeg    . . .        (body armour unavailable)
rPois   .            (helmet unavailable)
rElec   .            (cloak unavailable)
rCorr   +            (gloves unavailable)
SInv    +            (boots unavailable)
Will    .....        (no amulet)
Stlth   ++           e - ring of resist corrosion
HPRegen 0.23/turn    (no ring)
MPRegen 0.09/turn

%: no passive effects
@: beast-form
A: beast (slay +1), very small, claws 1, fangs 3, see invisible, shaggy fur 1,
stealthy paws, no weapons or thrown items, no armour, multi-lived
a: Begin Untransformation


You were on level 2 of the Dungeon.
You were a hulking beast.
You visited 1 branch of the dungeon, and saw 2 of its levels.

You collected 83 gold pieces.

Inventory:

Jewellery
 e - a ring of resist corrosion (left paw)
Talismans
 b - a beast talisman (active)
 c - a flux talisman
Scrolls
 d - 3 scrolls of identify {unknown}
 h - 2 scrolls of poison {unknown}
 i - a scroll of blinking {unknown}
 k - 2 scrolls of vulnerability {unknown}
Potions
 a - a potion of lignification
 f - a potion of curing {unknown}
 g - a potion of haste {unknown}
 j - a potion of enlightenment {unknown}


   Skills:
 + Level 1.7 Fighting
 + Level 3.3 Dodging
 * Level 2.4 Stealth
 + Level 3.3 Unarmed Combat
 + Level 3.0 Shapeshifting


You had 2 spell levels left.
You didn't know any spells.
Your spell library contained the following spells:

 Spells                   Type           Power      Damage    Failure   Level
 Call Imp                 Summ           0%         N/A       43%         2
 Sublimation of Blood     Necr           0%         N/A       43%         2
 Summon Hydra             Summ           0%         N/A       100%        7


Dungeon Overview and Level Annotations

Branches:
Dungeon (2/15)

Altars:

Shops:
D:2 [

Annotations:
D:2 Crazy Yiuf


Innate Abilities, Weirdness & Mutations

You are a hulking beast.
Your limbs bulge with bestial killing power. (Slay +1)
You have sharp claws.
You have razor-sharp teeth.
You have supernaturally acute eyesight. (SInv)
You are covered in fur. (AC +1)
Your paws help you pounce on unaware monsters.
You are incapable of wielding weapons or throwing items.
You cannot wear armour.
You gain extra lives every three experience levels.


Message History

You see here a +0 club.
There is an open door here.
There is an open door here.
There is an open door here.
You open the door. You scratch Crazy Yiuf. Your bite misses Crazy Yiuf.
Crazy Yiuf is moderately wounded.
Crazy Yiuf hits you with a +3 quarterstaff of chaos.
You are poisoned.
You scratch Crazy Yiuf but do no damage.
Your bite misses Crazy Yiuf.
Crazy Yiuf is moderately wounded.
You feel very sick.
Crazy Yiuf says, "Crazy?
Crazy!?
PORCUPINE!"
Crazy Yiuf closely misses you.
You scratch Crazy Yiuf.
Crazy Yiuf is heavily wounded.
You feel very sick. Crazy Yiuf closely misses you.
You barely miss Crazy Yiuf.
Crazy Yiuf is heavily wounded.
You feel sick.
Crazy Yiuf hits you with a +3 quarterstaff of chaos!
You die...
Your shape twists and changes as you die.
Crazy Yiuf burns you.
You rejoin the land of the living...
There is an open door here.
You see here a +0 club.
There is an open door here.
There is an open door here.
There is an open door here.
Crazy Yiuf shouts!
You scratch Crazy Yiuf.
Crazy Yiuf is moderately wounded.
Crazy Yiuf hits you with a +3 quarterstaff of chaos!
Ouch! That really hurt!
* * * LOW HITPOINT WARNING * * *
Crazy Yiuf freezes you.
You die...

.##### #...##
#####..........#
.....# #....#
#...#.##########
..#### #....#
###.#.####### #.#
##..##
##...........# ..#
#...# #.#.##.#####.#
#.# #...# #...##.#
#.# #.# #.#.#
###.##.# #.# #.#
#.#.#####.##.#####>#
#.#
#.#....gh..........#
###
#.#######.##########
#.# #.....#
#.##########.#
#.......(...<#
##############


You could see Crazy Yiuf.

Vanquished Creatures
  An adder (D:2)
  2 dart slugs (D:1)
  4 endoplasms
  9 goblins
  3 hobgoblins
  7 jackals
  A kobold (D:2)
  A quokka (D:1)
  2 bats (D:1)
  5 frilled lizards
  4 rats
39 creatures vanquished.

Notes
Turn   | Place    | Note
-------+----------+-------------------------------------------
     0 | D:1      | Descartes the Felid Shapeshifter began the quest for the
                  | Orb.
     0 | D:1      | Reached XP level 1. HP: 10/10 MP: 2/2
   131 | D:1      | Reached skill level 1 in Stealth
   131 | D:1      | Reached XP level 2. HP: 14/14 MP: 3/3
   380 | D:1      | Reached XP level 3. HP: 18/18 MP: 4/4
   896 | D:2      | Found Moesokhopp's Antique Armour Boutique.
  1395 | D:2      | Found a runed translucent door.
  1396 | D:2      | Noticed Crazy Yiuf
  1615 | D:2      | Slain by Crazy Yiuf
  1615 | D:2      | Lost a life (0 lives remaining)
  1701 | D:2      | Slain by Crazy Yiuf

Illustrated notes

Levels and vault maps discovered:
D:1:      psy_arrival_statuary, layout_basic
D:2:      layout_basic, serial_shops, shop, minmay_misc_feat_cross,
          uniq_crazy_yiuf_cottage

Skill      XL: |  1  2  3 |
---------------+----------+-----
Stealth        | 1 2 |  2.4
Dodging        | 3 |  3.3
Shapeshifting  | 3 |  3.0
Fighting       | |  1.7
Unarmed Combat | |  3.3

Action                     || total
---------------------------++-------
  Melee: Unarmed           ||    99
         Bite              ||     8
         Punch             ||     3
   Stab: Sleeping          ||     5
 Armour: Skin              ||    21
  Dodge: Dodged            ||    78

Table legend: (Time is in decaauts)
 A = Elapsed time spent in this place.
 B = Non-inter-level travel time spent in this place.
 C = Inter-level travel time spent in this place.
 D = Time resting spent in this place.
 E = Time spent auto-exploring this place.
 F = Levels seen in this place.
 G = Mean time per level.
                   A        B        C        D        E       F      G
               +--------+--------+--------+--------+--------+-----+--------+
         Total |   1695 |   1667 |     28 |      0 |   1444 |   2 |  847.5 |
       Dungeon |   1695 |   1667 |     28 |      0 |   1444 |   2 |  847.5 |
               +--------+--------+--------+--------+--------+-----+--------+

Top non-repeatable levels by time:
     D:2: 1126 daAuts
     D:1: 569 daAuts
